 Dungeon Crawl Stone Soup version 0.28.0-45-g0d030f2227 (webtiles) character file.

Game seed: 3615786729345385633

737 RascalDebosk the Chopper (level 7, -6/61 HPs)
             Began as a Minotaur Gladiator on Apr 2, 2022.
             Was a Follower of Trog.
             Mangled by an ogre
             ... wielding a +0 giant club
              (22 damage)
             ... on level 6 of the Dungeon on Apr 9, 2022.
             The game lasted 00:37:30 (5172 turns).

RascalDebosk the Chopper (Minotaur Gladiator)       Turns: 5172, Time: 00:37:31

Health: -6/61      AC: 13    Str: 27    XL:     7   Next: 46%
Magic:  0/6        EV: 10    Int:  5    God:    Trog [*.....]
Gold:   160        SH:  0    Dex: 11    Spells: 6/6 levels left

rFire   . . .      SeeInvis +   e - +2 demon trident (venom)
rCold   . . .      Faith    .   (no shield)
rNeg    . . .      Spirit   +   k - +0 chain mail
rPois   .          Reflect  .   c - +1 hat
rElec   .          Harm     .   g - +0 cloak
rCorr   .          Rampage  .   (no gloves)
Will    .....                   m - +2 pair of boots
Stlth   ..........              b - amulet of guardian spirit
HPRegen 0.20/turn               l - +6 ring of strength
MPRegen 0.10/turn               r - ring of see invisible

@: no status effects
A: horns 2, retaliatory headbutt
a: Renounce Religion, Berserk


You were on level 6 of the Dungeon.
You worshipped Trog.
Trog was aware of your devotion.
You visited 2 branches of the dungeon, and saw 7 of its levels.

You collected 160 gold pieces.

Inventory:

Hand Weapons
 a - a +0 war axe of venom
 e - a +2 demon trident of venom (weapon)
 j - the +8 mace "Ythraux" {flame, Will- Int+4 Dex+2}
   (You took it off a goblin on level 2 of the Dungeon)

   It burns those it strikes, dealing additional fire damage.
   Int:       It affects your intelligence (+4).
   Dex:       It affects your dexterity (+2).
   Will:      It decreases your willpower.
Missiles
 d - 3 throwing nets
 q - 3 boomerangs (quivered)
 t - 11 poisoned darts
Armour
 c - a +1 hat (worn)
 g - a +0 cloak (worn)
 k - a +0 chain mail (worn)
 m - a +2 pair of boots (worn)
Jewellery
 b - an amulet of guardian spirit (around neck)
 h - a ring of protection from cold
 l - a +6 ring of strength (left hand)
 r - a ring of see invisible (right hand)
 x - a ring of protection from fire
Scrolls
 v - a scroll of fear
 w - a scroll of fog
 y - a scroll of enchant weapon {unknown}
Potions
 f - 2 potions of curing
 i - a potion of haste
 n - a potion of mutation
 p - a potion of magic
 s - 2 potions of ambrosia
 u - a potion of invisibility


   Skills:
 + Level 5.2 Fighting
 + Level 6.0 Axes
 + Level 4.4 Throwing
 + Level 1.9 Armour
 - Level 5.1 Dodging
 + Level 1.3 Evocations


You had 6 spell levels left.
You didn't know any spells.
Your spell library was empty.

Dungeon Overview and Level Annotations

Branches:
Dungeon (6/15)             Temple (1/1) D:4

Altars:
Ashenzari
Cheibriados
Dithmenos
Elyvilon
Fedhas
Gozag
Hepliaklqana
Kikubaaqudgha
Makhleb
Nemelex Xobeh
Okawaru
Qazlal
Ru
Sif Muna
Trog
Uskayaw
Vehumet
Wu Jian
Xom
Yredelemnul
Zin
The Shining One

Shops:
D:5 [

Annotations:
D:2 1 runed translucent door, Crazy Yiuf


Innate Abilities, Weirdness & Mutations

You have a pair of horns on your head.
You reflexively headbutt those who attack you in melee.


Message History

There is a stone staircase leading up here.
A bullfrog comes into view.
Found a glowing orb.
The bullfrog croaks.
An orc wizard comes into view. It is wielding a +0 dagger.
You closely miss the bullfrog.
The orc wizard shouts!
The bullfrog barely misses you. The bullfrog closely misses you.
An orc comes into view. It is wielding a +0 hand axe.
The ogre hits you with a +0 giant club!
An orc comes into view. It is wielding a +0 trident.
The orc shouts!
You puncture the bullfrog!
The bullfrog is heavily wounded.
The bullfrog hits you but does no damage.
The bullfrog hits you. The orc wizard casts a spell at you.
The puff of flame hits you.
An orc comes into view. It is wielding a +0 club.
An orc comes into view. It is wielding a +0 flail.
The ogre hits you with a +0 giant club!
The orc shouts!
The sky beast closely misses you.
You puncture the sky beast!
The sky beast looks as sick as possible!
The sky beast is moderately wounded.
The bullfrog hits you but does no damage.
The sky beast hits you but does no damage.
The bullfrog hits you.
You hit the sky beast. You headbutt the sky beast.
The sky beast is severely wounded.
The bullfrog hits you. The ogre misses you. The sky beast hits you.
The sky beast shocks you.
* * * LOW HITPOINT WARNING * * *
The orc wizard mumbles some strange words.
The orc wizard flickers and vanishes for a moment.
The bullfrog hits you but does no damage.
It was a potion of cancellation.
You feel magically purged.
The ogre hits you with a +0 giant club!!
You die...

#.# ## .....
#.#.# #.#.# ....
#######..
........#
.#########Y#
........F@.#
........O........
.......o.........
.......oo........
.....oo..........
.................
.................
................[


You could see a sky beast (extremely poisoned), an ogre, a bullfrog, an orc
wizard (invisible) and 4 orcs.

Vanquished Creatures
  A necrophage (D:5)
  Blork the orc (D:5)
  2 scorpions (D:5)
  An orc priest (D:3)
  A jelly (D:4)
  A hound (D:5)
  A bullfrog skeleton (D:5)
  Jessica (D:2)
  2 iguanas
  2 orc wizards
  2 hound skeletons (D:4)
  Robin (D:2)
  5 adders (D:2)
  A white imp (D:4)
  A worm (D:2)
  2 dart slugs
  16 orcs
  7 ball pythons
  6 bats
  7 endoplasms
  A giant cockroach (D:2)
  14 goblins
  8 hobgoblins
  6 jackals
  6 quokkas
  2 frilled lizards
  6 kobolds
  3 rats
  A butterfly (D:4)
108 creatures vanquished.

Vanquished Creatures (others)
  An orc wizard (D:4)
  A plant (D:1)
2 creatures vanquished.

Grand Total: 110 creatures vanquished

Notes
Turn   | Place    | Note
-------+----------+-------------------------------------------
     0 | D:1      | RascalDebosk the Minotaur Gladiator began the quest for the
                  | Orb.
     0 | D:1      | Reached XP level 1. HP: 18/18 MP: 0/0
    84 | D:1      | Found a faded altar of an unknown god.
   160 | D:1      | Reached XP level 2. HP: 5/25 MP: 1/1
  1027 | D:1      | Reached skill level 4 in Axes
  1093 | D:2      | Reached XP level 3. HP: 29/30 MP: 2/2
  1208 | D:2      | Identified the +8 mace "Ythraux" {flame, Will- Int+4 Dex+2}
  1296 | D:2      | Found a runed translucent door.
  1297 | D:2      | Noticed Crazy Yiuf
  1408 | D:2      | Reached XP level 4. HP: 38/38 MP: 3/3
  1453 | D:2      | Noticed Robin
  1468 | D:2      | Killed Robin
  1867 | D:2      | Noticed Jessica
  1872 | D:2      | Killed Jessica
  1873 | D:2      | Reached XP level 5. HP: 30/46 MP: 2/4
  2302 | D:3      | Found a glowing silver altar of Zin.
  3221 | D:4      | Found a staircase to the Ecumenical Temple.
  3224 | D:4      | Reached skill level 5 in Axes
  3748 | Temple   | Entered the Ecumenical Temple
  3888 | Temple   | Became a worshipper of Trog the Wrathful
  4084 | D:4      | Reached XP level 6. HP: 52/52 MP: 5/5
  4481 | D:5      | Entered Level 5 of the Dungeon
  4524 | D:5      | Reached skill level 5 in Dodging
  4757 | D:5      | Reached XP level 7. HP: 53/60 MP: 4/6
  4817 | D:5      | Reached skill level 5 in Fighting
  4817 | D:5      | Reached skill level 1 in Armour
  4817 | D:5      | Reached skill level 1 in Evocations
  4867 | D:5      | Found Juploiv's Antique Armour Boutique.
  4924 | D:5      | Noticed Blork the orc
  4930 | D:5      | Killed Blork the orc
  4930 | D:5      | Reached * piety under Trog
  4958 | D:5      | Reached skill level 6 in Axes
  5172 | D:6      | Mangled by an ogre

Illustrated notes

Levels and vault maps discovered:
D:1:      shiori_shiawase, layout_loops_ring,
          hellmonk_ecumenical_altar_heavens_door, minmay_strange_pillars,
          serial_bayou_ford_a, corner_web_ring
D:2:      layout_basic, minmay_tiny_reverse_x, uniq_crazy_yiuf_cottage,
          uniq_jessica, uniq_robin
D:3:      layout_basic, mainiacjoe_overflow_brackets
D:4:      layout_basic, minmay_temple_entry_butterflies, lemuel_another_geyser
D:5:      cheibrodos_helix_gallery, layout_cave_pools, serial_shops,
          nicolae_lakefront_shop, hangedman_glass_teeth,
          minmay_stone_trees_small, uniq_blork_the_orc
D:6:      layout_basic
Temple:   roderic_octagonal_lattice_temple

Skill      XL: |  1  2  3  4  5  6  7 |
---------------+----------------------+-----
Axes           | 4 5 6 |  6.0
Fighting       | 3 4 5 |  5.2
Dodging        | 4 5 |  5.1
Throwing       | 3 4 |  4.4
Armour         | 1 |  1.9
Evocations     | 1 |  1.3

Action                   |  1- 3 |  4- 6 |  7- 9 || total
-------------------------+-------+-------+-------++-------
Melee: War axe           |    54 |     8 |       ||    62
       Headbutt          |     4 |    14 |     2 ||    20
       Punch             |     1 |     2 |     1 ||     4
       Mace              |     9 |    62 |       ||    71
       Demon trident     |       |    42 |    16 ||    58
Throw: Boomerang         |       |     7 |     3 ||    10
  Use: Scroll            |       |    13 |     2 ||    15
       Potion            |       |       |     1 ||     1
Armor: Leather armour    |     9 |       |       ||     9
       Ring mail         |    11 |    25 |       ||    36
       Scale mail        |       |    16 |       ||    16
       Chain mail        |       |     2 |     9 ||    11
Dodge: Dodged            |    42 |    82 |     5 ||   129
